 Dungeon Crawl Stone Soup version 0.19.5 (webtiles) character file.

27 graki42 the Charmwright (level 2, 0/19 HPs)
             Began as a High Elf Skald on Apr 24, 2017.
             Slain by an adder (5 damage)
             ... on level 2 of the Dungeon.
             The game lasted 00:02:33 (881 turns).

graki42 the Charmwright (High Elf Skald)             Turns: 881, Time: 00:02:34

Health: 0/19       AC:  3    Str: 11    XL:     2   Next: 93%
Magic:  5/6        EV: 11    Int: 17    God:
Gold:   34         SH:  0    Dex: 14    Spells: 3 memorised, 1 level left

rFire  . . .     SeeInvis .     a - +0 falchion
rCold  . . .     Gourm    .     j - +0 leather armour (curse)
rNeg   . . .     Faith    .     (no shield)
rPois  .         Spirit   .     (no helmet)
rElec  .         Reflect  .     (no cloak)
rCorr  .         Harm     .     (no gloves)
MR     .....                    (no boots)
Stlth  ++........               (no amulet)
                                i - ring of stealth
                                g - +2 ring of intelligence

@: infused
A: no striking features
a: no special abilities


You were on level 2 of the Dungeon.
You were not hungry.

You visited 1 branch of the dungeon, and saw 2 of its levels.

You collected 34 gold pieces.

Inventory:

Hand Weapons
 a - a +0 falchion (weapon)
Armour
 j - a cursed +0 leather armour (worn)
Jewellery
 g - a +2 ring of intelligence (left hand)
 i - a ring of stealth (right hand)
Scrolls
 b - a scroll of remove curse {unknown}
 k - a scroll of teleportation {unknown}
 l - a scroll of identify {unknown}
Potions
 e - a potion of brilliance {unknown}
 f - a potion of flight {unknown}
 m - a potion of invisibility {unknown}
 n - a potion of degeneration {unknown}
Books
 c - a book of Battle

   Spells                             Type                      Level
   a - Infusion                       Charms                       1
   b - Shroud of Golubria             Charms/Translocation         2
   c - Song of Slaying                Charms                       2
   d - Spectral Weapon                Hexes/Charms                 3
   e - Regeneration                   Charms/Necromancy            3
Comestibles
 d - a bread ration
 h - a slice of pizza


   Skills:
 + Level 2.0 Fighting
 + Level 2.6 Long Blades
 + Level 1.3 Armour
 + Level 1.2 Dodging
 + Level 0.2 Stealth
 + Level 2.8 Spellcasting
 + Level 4.1 Charms


You had one spell level left.
You knew the following spells:

 Your Spells              Type           Power        Failure   Level  Hunger
a - Infusion              Chrm           ###.         6%          1    #......
b - Song of Slaying       Chrm           ###.....     10%         2    ##.....
c - Shroud of Golubria    Chrm/Tloc      #.........   17%         2    ##.....


Dungeon Overview and Level Annotations

Branches:
Dungeon (2/15)

Altars:
Vehumet


Message History

Your magical infusion is running out.
You start resting.
You are no longer magically infusing your attacks.
Things that are here:
a club; a hobgoblin corpse
Things that are here:
a club; a hobgoblin corpse
Found a radiant altar of Vehumet.
An adder comes into view.
Found 13 gold pieces.
Found 2 gold pieces and a scroll labeled NEADGH QIOGA.
The adder hisses angrily.
Casting: Infusion
Confirm with . or Enter, or press ? or * to list all spells.
You begin infusing your attacks with magical energy.
You closely miss the adder. The adder bites you. x2
* * * LOW HITPOINT WARNING * * *
You closely miss the adder. The adder closely misses you.
You closely miss the adder. The adder bites you.
You die...

#########.#
#§..?$#...##
..§.§...$..
.§.§......#
...§......#
..§.......#
.#........#
......S@..#
##........#
######+#.#
#.#.# #.#.#
#.#.# #.#.#
#.#)#######
#..........


You could see an adder.

Vanquished Creatures
  A dart slug (D:1)
  2 leopard geckos (D:1)
  A giant cockroach (D:1)
  2 goblins (D:1)
  2 hobgoblins
  4 jackals (D:1)
  4 bats (D:1)
  A frilled lizard (D:1)
  A kobold (D:1)
  4 rats (D:1)
22 creatures vanquished.

Notes
Turn   | Place    | Note
-------+----------+-------------------------------------------
     0 | D:1      | graki42 the High Elf Skald began the quest for the Orb.
     0 | D:1      | Reached XP level 1. HP: 14/14 MP: 4/4
    19 | D:1      | Reached skill level 1 in Armour
    91 | D:1      | Reached XP level 2. HP: 5/19 MP: 1/6
    97 | D:1      | Reached skill level 4 in Charms
   411 | D:1      | Learned a level 2 spell: Song of Slaying
   414 | D:1      | Learned a level 2 spell: Shroud of Golubria
   874 | D:2      | Found a radiant altar of Vehumet.
   881 | D:2      | Slain by an adder

Skill      XL: |  1  2 |
---------------+-------+-----
Armour         | 1 |  1.3
Charms         | 4 |  4.1
Fighting       | |  2.0
Long Blades    | |  2.6
Dodging        | |  1.2
Stealth        | |  0.2
Spellcasting   | |  2.8

Action                   || total
-------------------------++-------
Melee: Falchion          ||    54
 Cast: Infusion          ||    10
       Song of Slaying   ||     1
 Stab: Distracted        ||     1
       Sleeping          ||     2
Armor: Leather armour    ||    25
Dodge: Dodged            ||    43
       Rpst.: Falchion   ||    12
